Map: Catalyst LE

Players

broverlord

  • Race: Zerg Zerg
  • League: Gold
  • Spawn Location: 5:00

Test - Winner!

  • Race: Terran Terran
  • League: Silver
  • Spawn Location: 11:00

VOD

Have the link to the VOD?

Description

Time

  • Played on: May 15, 2018, 5:54 p.m.
  • Length: 5:26
Show
View Real Time Build Order
Export as new Build Order

broverlord Zerg 

Build Orders: Hatch First 

Get SALT Encoding   

  12  0:02  Drone  
  13  0:13  Overlord  
  13  0:17  Drone  
  14  0:23  Extractor  
  14  0:24  Drone  
  15  0:32  Drone  
  16  0:36  Drone  
  17  0:56  Drone  
  18  0:57  Hatchery  
  18  1:00  Drone  
  18  1:04  Extractor  
  17  1:16  Spawning Pool  
  16  1:19  Drone  
  16  1:22  Drone  
  18  1:33  Drone  
  18  1:39  Overlord  
  19  1:50  Drone  
  20  2:01  Drone  
  20  2:03  Queen  
  23  2:10  Metabolic Boost  
  23  2:11  Queen  
  23  2:14  Zergling x2  
  26  2:23  Zergling x6  
  29  2:30  Overlord  
  29  2:36  Drone  
  30  2:40  Queen  
  32  2:47  Queen  
  34  2:56  Drone x3  
  37  3:12  Hatchery  
  36  3:15  Overlord  
  36  3:27  Drone x2  
  36  3:28  Queen  
  40  3:35  Drone x3  
  40  3:37  Zergling x2  
  44  3:50  Queen  
  44  3:52  Drone x2  
  48  3:59  Drone x4  
  51  4:22  Spine Crawler  
  51  4:23  Drone  
  51  4:24  Overlord  
  51  4:25  Spine Crawler  
  48  4:41  Drone x2  
  48  4:45  Queen  
  54  5:02  Zergling x2  
  54  5:03  Zergling x4  
  57  5:08  Overlord  
Show
View Real Time Build Order
Export as new Build Order

Test Terran - Winner!

Build Orders:  

Get SALT Encoding   

  12  0:00  SCV  
  13  0:12  SCV  
  14  0:19  Supply Depot  
  14  0:25  SCV  
  15  0:30  Refinery  
  15  0:40  SCV  
  16  0:50  Barracks  
  16  0:58  SCV  
  17  1:08  Barracks  
  17  1:10  SCV  
  18  1:23  Barracks  
  18  1:26  SCV  
  19  1:38  Barracks Tech Lab  
  19  1:44  Barracks  
  19  1:52  SCV  
  20  1:58  Marine  
  21  2:05  Orbital Command  
  21  2:11  Stimpack  
  21  2:23  Refinery  
  21  2:26  Marine x2  
  23  2:32  Supply Depot  
  23  2:35  Barracks Reactor  
  23  2:48  Barracks Reactor, Supply Depot  
  23  2:54  Marine  
  24  3:04  Barracks Reactor  
  24  3:11  Marine, Supply Depot  
  24  3:12  Engineering Bay  
  25  3:13  Marine x2  
  27  3:25  Marine  
  28  3:27  Marine  
  28  3:29  Marine  
  28  3:31  Marine x2  
  32  3:41  Marine  
  33  3:42  Marine x2  
  33  3:45  Marine  
  33  3:47  Marine  
  37  3:48  Marine  
  37  3:53  Marine  
  39  3:58  Marine  
  39  4:00  Marine x2  
  42  4:03  Marine  
  42  4:05  Marine  
  42  4:06  Marine  
  45  4:14  Marine  
  45  4:16  Marine  
  47  4:21  Bunker  
  47  4:35  Marine  
  47  4:38  Marine  
  47  4:54  Supply Depot  
Tags
 
Add a new tag
Caveats
  • Supply blocks, unpowered buildings, or Contaminate may cause inaccurate times.
  • Supply counts are checked every 10 seconds.